 Dungeon Crawl Stone Soup version 0.29-a0-369-gd956c00756 (webtiles) character file.

Game seed: 4813968194501610886

7 Randoe the Cudgeller (level 1, 16/20 HPs)
             Began as a Minotaur Berserker on May 2, 2022.
             Was a Follower of Trog.
             Quit the game on level 1 of the Dungeon.
             The game lasted 00:02:32 (198 turns).

Randoe the Cudgeller (Minotaur Berserker)            Turns: 198, Time: 00:02:33

Health: 16/20      AC:  2    Str: 21    XL:     1   Next: 83%
Magic:  0/0        EV: 12    Int:  4    God:    Trog [*.....]
Gold:   0          SH:  0    Dex:  9    Spells: 0/0 levels left

rFire   . . .      SeeInvis .   a - +0 mace
rCold   . . .      Faith    .   (no shield)
rNeg    . . .      Spirit   .   b - +0 animal skin
rPois   .          Reflect  .   (helmet restricted)
rElec   .          Harm     .   (no cloak)
rCorr   .          Rampage  .   (no gloves)
Will    .....                   (no boots)
Stlth   +.........              (no amulet)
HPRegen 0.06/turn               (no ring)
MPRegen 0.07/turn               (no ring)

@: no status effects
A: horns 2, retaliatory headbutt
a: Renounce Religion, Berserk


You were on level 1 of the Dungeon.
You worshipped Trog.
Trog was aware of your devotion.
You visited 1 branch of the dungeon, and saw 1 of its levels.

Inventory:

Hand Weapons
 a - a +0 mace (weapon)
Armour
 b - a +0 animal skin (worn)


   Skills:
 + Level 3.7 Fighting
 + Level 3.7 Maces & Flails
 + Level 2.4 Armour
 + Level 2.7 Dodging


You couldn't memorise any spells.
You didn't know any spells.
Your spell library was empty.

Dungeon Overview and Level Annotations

Branches:
Dungeon (1/15)

Altars:


Innate Abilities, Weirdness & Mutations

You have a pair of horns on your head.
You reflexively headbutt those who attack you in melee.


Message History

The rat barely misses you.
You hit the rat.
You kill the rat!
Trog accepts your kill.
You see here a +0 hand axe.
You start resting.
HP restored.
A kobold comes into view. It is wielding a +0 short sword.
The kobold shouts!
A ball python comes into view.
You miss the kobold. The kobold misses you.
An endoplasm comes into view.
The kobold hits you with a +0 short sword.
The endoplasm quivers.
You hit the kobold.
The kobold is severely wounded.
The kobold closely misses you.
You hit the kobold but do no damage. Your headbutt misses the kobold.
The kobold is severely wounded.
A hobgoblin comes into view.
The kobold hits you with a +0 short sword.
You closely miss the kobold. You headbutt the kobold.
You kill the kobold!
Trog accepts your kill. The ball python barely misses you.
You furiously retaliate!
You headbutt the ball python!
You kill the ball python!
Trog accepts your kill. The endoplasm barely misses you.
You furiously retaliate!
You headbutt the endoplasm. You hit the endoplasm but do no damage.
You headbutt the endoplasm.
You kill the endoplasm!
Trog accepts your kill. The hobgoblin misses you. You furiously retaliate!
You headbutt the hobgoblin!
You kill the hobgoblin!
Trog accepts your kill.
A bat comes into view.
Things that are here:
a +0 short sword; a ball python corpse; a kobold corpse Are you sure you want to abandon this character and quit the game? (Confirm with "yes".)

.......... .
........ .. .......
##### #.. .....
....### #... .b..
......## .....##..##
.#.....###.........#
###.....# #@# #
#.....## #)# #
##.....# #.# #..#..#
#.# #..#..# #.# #
##...).# #.# #
#.....## ###.#
###.....# ###...#
.......#####...###


You could see a bat.

Vanquished Creatures
  A ball python (D:1)
  An endoplasm (D:1)
  2 hobgoblins (D:1)
  A kobold (D:1)
  A rat (D:1)
6 creatures vanquished.

Notes
Turn   | Place    | Note
-------+----------+-------------------------------------------
     0 | D:1      | Randoe the Minotaur Berserker began the quest for the Orb.
     0 | D:1      | Reached XP level 1. HP: 19/19 MP: 0/0
   198 | D:1      | Quit the game

Illustrated notes

Levels and vault maps discovered:
D:1:      minmay_arrival_loop, layout_rooms

Action                   || total
-------------------------++-------
Melee: Mace              ||    14
       Headbutt          ||     2
Dodge: Dodged            ||     9

Table legend: (Time is in decaauts)
 A = Elapsed time spent in this place.
 B = Non-inter-level travel time spent in this place.
 C = Inter-level travel time spent in this place.
 D = Time resting spent in this place.
 E = Time spent auto-exploring this place.
 F = Levels seen in this place.
 G = Mean time per level.
                   A        B        C        D        E       F      G
               +--------+--------+--------+--------+--------+-----+--------+
         Total |    201 |    197 |      4 |    117 |     47 |   1 |  201.0 |
       Dungeon |    201 |    197 |      4 |    117 |     47 |   1 |  201.0 |
               +--------+--------+--------+--------+--------+-----+--------+

Top non-repeatable levels by time:
     D:1: 201 daAuts
